 Dungeon Crawl Stone Soup version 0.32-a0-999-gfa1cc04b1d (webtiles) character file.

Game seed: 17081030786576549611

7 Cancer the Sneak (level 2, -4/21 HPs)
             Began as an Octopode Delver on Apr 24, 2024.
             Slain by a river rat (5 damage)
             ... on level 4 of the Dungeon.
             The game lasted 00:00:40 (64 turns).

Cancer the Sneak (Octopode Delver)                    Turns: 64, Time: 00:00:40

Health: -4/21      AC:  1    Str: 11    XL:     2   Next: 0%
Magic:  2/2        EV: 12    Int: 12    God:
Gold:   9          SH:  0    Dex: 13    Spells: 1/1 levels left

rFire   . .          .
                       - Unarmed
rCold   . . .        (no shield)
rNeg    . . .        (helmet restricted)
rPois   .            (no amulet)
rElec   .            (no ring)
rCorr   .            (no ring)
SInv    .            (no ring)
Will    .....        (no ring)
Stlth   +++++        (no ring)
HPRegen 0.23/turn    (no ring)
MPRegen 0.08/turn    (no ring)
                     (no ring)

%: no passive effects
@: no status effects
A: almost no armour, amphibious, 8 rings, camouflage 1, gelatinous body 1,
nimble swimmer 1, tentacles
a: no special abilities


You were on level 4 of the Dungeon.
You visited 1 branch of the dungeon, and saw 2 of its levels.

You collected 9 gold pieces.

Inventory:

Wands
 e - a wand of digging (3)
Scrolls
 a - a scroll of fog
 b - a scroll of revelation
 c - a scroll of fear
Potions
 d - a potion of haste


   Skills:
 - Level 3.0 Fighting
 - Level 2.0 Dodging
 + Level 7.1 Stealth
 - Level 2.0 Unarmed Combat


You had one spell level left.
You didn't know any spells.
Your spell library was empty.

Dungeon Overview and Level Annotations

Branches:
Dungeon (5/15)
 Temple: D:4-7

Altars:

Portals:
Sewer: D:4


Innate Abilities, Weirdness & Mutations

You cannot wear most types of armour.
You are amphibious.
You can wear up to eight rings at the same time.
Your skin changes colour to match your surroundings (Stealth+).
Your rubbery body absorbs attacks. (AC +1, EV +1)
You are camouflaged when in or above water. (Stealth+)
You have tentacles for arms and can constrict up to eight enemies at once.


Message History

You constrict the ribbon worm.
You kill the ribbon worm!
The endoplasm freezes you.
You are frozen.
* * * LOW HITPOINT WARNING * * *
Your Stealth skill increases to level 7!
You tentacle-slap the endoplasm.
The endoplasm is moderately wounded.
The endoplasm hits you.
* * * LOW HITPOINT WARNING * * *
You tentacle-slap the endoplasm.
The endoplasm is severely wounded.
The endoplasm hits you.
* * * LOW HITPOINT WARNING * * *
You tentacle-slap the endoplasm. You squeeze the endoplasm.
You kill the endoplasm!
You have reached level 2!
Things that are here:
a +0 dagger; an orc corpse
Found a stone staircase leading down.
A gnoll comes into view. It is wielding a +0 club.
Found a dagger.
Found a glowing drain.
A river rat comes into view.
You enter the deep water.
The helpless river rat fails to defend itself.
You tentacle-slap the river rat. Your grab misses the river rat.
The river rat is moderately wounded.
The river rat barely misses you.
You barely miss the river rat. You grab the river rat.
The river rat is moderately wounded.
You constrict the river rat. The river rat bites you.
* * * LOW HITPOINT WARNING * * *
You tentacle-slap the river rat but do no damage.
The river rat is moderately wounded.
You constrict the river rat. The river rat bites you.
* * * LOW HITPOINT WARNING * * *
You tentacle-slap the river rat.
The river rat is severely wounded.
You constrict the river rat. The river rat bites you.
You die...

.<####.#≈#).....#..
#####≈#......####
).##≈#.....##
.#######.####......##
.........#.>...........
#~~~~~ #...........####
#~~~~~##...........#
≈.....~≈.#.........#
≈.....~@.#........##
≈..∩..~~r#.#.....##
~.....~≈.#.##.....g
≈.....≈~.#.########.
#~~.~~##.#.# #~≈.~≈
#...# ...... ... ##..#.
.##


You could see a river rat.

Vanquished Creatures
  A ribbon worm (D:4)
  An orc (D:4)
  An endoplasm (D:4)
3 creatures vanquished.

Notes
Turn   | Place    | Note
-------+----------+-------------------------------------------
     0 | D:5      | Cancer the Octopode Delver began the quest for the Orb.
     0 | D:5      | Reached XP level 1. HP: 16/16 MP: 1/1
     8 | D:5      | Noticed an ogre
    46 | D:4      | Reached skill level 7 in Stealth
    49 | D:4      | Reached XP level 2. HP: 2/21 MP: 2/2
    57 | D:4      | Found a glowing drain.
    63 | D:4      | HP: 1/21 [river rat (3)]
    64 | D:4      | Slain by a river rat

Illustrated notes

Levels and vault maps discovered:
D:4:      layout_rooms, cheibrodos_sewer_entry_sluice, serial_rivers,
          chequers_serial_rivers_large_a, chequers_serial_rivers_micro_d,
          chequers_serial_rivers_micro_b, chequers_serial_rivers_room_a,
          minmay_increasing_density
D:5:      layout_basic, uniq_sigmund, uniq_pikel

Skill      XL: |  1 |
---------------+----+-----
Stealth        | 7 |  7.1
Fighting       | |  3.0
Dodging        | |  2.0
Unarmed Combat | |  2.0

Action                     || total
---------------------------++-------
  Melee: Unarmed           ||    11
         Constrict         ||     3
         Tentacles         ||     2
   Stab: Sleeping          ||     1
 Armour: Skin              ||     6
  Dodge: Dodged            ||     3

Table legend: (Time is in decaauts)
 A = Elapsed time spent in this place.
 B = Non-inter-level travel time spent in this place.
 C = Inter-level travel time spent in this place.
 D = Time resting spent in this place.
 E = Time spent auto-exploring this place.
 F = Levels seen in this place.
 G = Mean time per level.
                   A        B        C        D        E       F      G
               +--------+--------+--------+--------+--------+-----+--------+
         Total |     63 |     63 |      0 |      0 |      8 |   2 |   31.5 |
       Dungeon |     63 |     63 |      0 |      0 |      8 |   2 |   31.5 |
               +--------+--------+--------+--------+--------+-----+--------+

Top non-repeatable levels by time:
     D:4: 41 daAuts
     D:5: 22 daAuts
